 Dungeon Crawl Stone Soup version 0.26.0-10-g1f06aea511 (webtiles) character file.

Game seed: 9458201108861690037

10282 Arum the Thaumaturge (level 11, -21/79 HPs)
             Began as a Formicid Venom Mage on Jan 15, 2021.
             Was an Elder of Vehumet.
             Demolished by a death knight
             ... wielding a +0 glaive
              (31 damage)
             ... on level 11 of the Dungeon.
             The game lasted 00:42:05 (12164 turns).

Arum the Thaumaturge (Formicid Venom Mage)         Turns: 12164, Time: 00:42:06

Health: -21/79     AC:  3    Str: 13    XL:     11   Next: 90%
Magic:  24/43      EV: 12    Int: 18    God:    Vehumet [****..]
Gold:   349        SH:  5    Dex: 11    Spells: 10/31 levels left

rFire    + . .     SeeInvis +   y - +7 mace of Termination {venom, rN++ MP+9 SInv}
rCold    . . .     Faith    .   v - +1 buckler
rNeg     + + .     Spirit   .   a - +0 robe
rPois    .         Reflect  .   (helmet unavailable)
rElec    .         Harm     +   l - scarf {harm}
rCorr    .         Rampage  .   k - +0 pair of gloves
Will     +....                  (no boots)
Stlth    ++........             (no amulet)
HPRegen  0.23/turn              n - ring of protection from fire
MPRegen  0.28/turn              g - ring of magical power

@: no status effects
A: permanent stasis, dig shafts and tunnels, four strong arms, antennae 3
a: Dig, Shaft Self, Renounce Religion


You were on level 11 of the Dungeon.
You worshipped Vehumet.
Vehumet was greatly pleased with you.
You visited 2 branches of the dungeon, and saw 12 of its levels.

You collected 649 gold pieces.
You spent 300 gold pieces at shops.

Inventory:

Hand Weapons
 y - the +7 mace of Termination (weapon) {venom, rN++ MP+9 SInv}
   (You found it on level 5 of the Dungeon)

   It poisons the flesh of those it strikes.
   It greatly protects you from negative energy.
   It affects your magic capacity (+9).
   It lets you see invisible.
Missiles
 w - 240 stones
 x - a throwing net
 z - 3 curare-tipped darts
Armour
 a - a +0 robe (worn)
 e - a scarf of resistance
 k - a +0 pair of gloves (worn)
 l - a scarf of harm (worn)
 v - a +1 buckler (worn)
Jewellery
 g - a ring of magical power (right hand)
 n - a ring of protection from fire (left hand)
Wands
 r - a wand of flame (47)
 A - a wand of random effects (19)
Scrolls
 c - 7 scrolls of identify
 d - 2 scrolls of fear
 f - a scroll of magic mapping
 h - a scroll of remove curse
 j - a scroll of immolation
 p - 2 scrolls of enchant armour
 s - a scroll of vulnerability {unknown}
 u - a scroll of amnesia
Potions
 b - 4 potions of brilliance
 i - 3 potions of curing
 m - a potion of berserk rage {unknown}
 o - 2 potions of heal wounds
 q - a potion of cancellation
 t - a potion of lignification


   Skills:
 - Level 5.0 Fighting
 - Level 1.7 Dodging
 - Level 2.4 Stealth
 - Level 2.4 Shields
 + Level 10.6 Spellcasting
 + Level 7.8 Conjurations
 - Level 3.0 Transmutations
 + Level 10.4 Earth Magic
 - Level 8.1 Poison Magic


You had 10 spell levels left.
You knew the following spells:

 Your Spells              Type           Power        Failure   Level
b - Poisonous Vapours     Pois/Air       48%          1%          2
c - Ignite Poison         Fire/Tmut/Pois 23%          1%          3
d - Olgreb's Toxic Radia  Pois           39%          1%          4
e - Mephitic Cloud        Conj/Pois/Air  28%          1%          3
f - Sandblast             Erth           94%          1%          1
g - Lee's Rapid Deconstr  Erth           23%          1%          5
h - Stone Arrow           Conj/Erth      84%          1%          3

Your spell library contained the following spells:

 Spells                   Type           Power        Failure   Level
 Airstrike                Air            4%           19%         4
 Magic Dart               Conj           100%         1%          1
 Sting                    Tmut/Pois      100%         1%          1
 Passwall                 Tmut/Erth      27%          1%          2
 Conjure Flame            Conj/Fire      23%          1%          3
 Petrify                  Tmut/Erth      33%          4%          4
 Call Imp                 Summ           9%           12%         2
 Slow                     Hex            9%           12%         2
 Blink                    Tloc           Unusable     N/A         2

Dungeon Overview and Level Annotations

Branches:
Dungeon (11/15)            Temple (1/1) D:6             Orc (0/2) D:11
   Lair: D:8-11

Altars:
Ashenzari
Cheibriados
Dithmenos
Elyvilon
Fedhas
Gozag
Hepliaklqana
Kikubaaqudgha
Makhleb
Nemelex Xobeh
Okawaru
Qazlal
Ru
Sif Muna
Trog
Uskayaw
Vehumet
Wu Jian
Xom
Yredelemnul
Zin
The Shining One

Shops:
D:6 =*


Innate Abilities, Weirdness & Mutations

You cannot be hasted, slowed, berserked, paralysed or teleported.
You can dig through walls and to a lower floor.
Your four strong arms can wield two-handed weapons with a shield.
You have a pair of large antennae on your head. (SInv)


Message History

The wraith hits you!
* * * LOW HITPOINT WARNING * * *
The death knight closely misses you.
Your toxic aura wanes.
The death knight reflects your damage back at you!
* * * LOW HITPOINT WARNING * * *
Unknown command.
The death knight's dark mirror aura disappears.
Unknown command.
Casting: Olgreb's Toxic Radiance (mildly dangerous; 1% risk of failure)
Confirm with . or Enter, or press ? or * to list all spells.
You ignite the poison in your surroundings!
The death knight seems to burn from within!!
The death knight is heavily wounded.
The wraith hits you!
* * * LOW HITPOINT WARNING * * *
The wraith drains your vigour!
Your stasis prevents you from being slowed.
The death knight hits you from afar with a +0 glaive!!
You die...

..........##...#####+########....
....................... ...
......##............... .^ ......
#.......########## .
......................... ..
....................
#.#................$
........+..........
########.@........
#........W....### #........p....+
#........z....# #.............#
#.#########'#######+## #
#...........+ #...........#
##+##z##..###


You could see a death knight, a skeletal warrior and a wraith.

Vanquished Creatures
  A boulder beetle (D:11)
  3 two-headed ogres
  A skeletal warrior (D:11)
  A freezing wraith (D:11)
  Grinder (D:3)
  Eustachio (D:6)
  4 yaks (D:10)
  A warg (D:11)
  Menkaure (D:7)
  A water moccasin (D:10)
  6 sky beasts
  7 orc warriors
  2 ice beasts (D:7)
  A black bear (D:9)
  A phantom (D:6)
  7 ogres
  A necrophage (D:9)
  5 centaurs
  2 big kobolds
  5 bullfrogs
  A gnoll sergeant (D:6)
  5 scorpions
  12 wights
  2 howler monkeys (D:10)
  3 jellies
  2 bullfrog zombies
  A quasit (D:7)
  5 hounds
  13 orc priests
  A centaur skeleton (D:6)
  A bullfrog skeleton (D:7)
  16 orc wizards
  5 worker ants
  2 killer bee zombies
  A hound skeleton (D:8)
  A howler monkey zombie (D:6)
  A worker ant zombie (D:5)
  4 gnolls (D:7)
  8 adders
  3 white imps
  3 ufetubi
  2 oozes
  2 adder zombies
  3 worms
  A dart slug (D:1)
  10 leopard geckos
  56 orcs
  6 giant cockroaches
  10 goblins
  5 hobgoblins
  7 jackals
  A quokka (D:7)
  3 ball pythons
  4 bats
  8 frilled lizards
  17 kobolds
  2 quokka zombies
  11 rats
290 creatures vanquished.

Vanquished Creatures (others)
  8 plants (D:1)
8 creatures vanquished.

Grand Total: 298 creatures vanquished

Notes
Turn   | Place    | Note
-------+----------+-------------------------------------------
     0 | D:1      | Arum the Formicid Venom Mage began the quest for the Orb.
     0 | D:1      | Reached XP level 1. HP: 13/13 MP: 3/3
   193 | D:1      | Reached XP level 2. HP: 19/19 MP: 0/5
   638 | D:1      | Reached XP level 3. HP: 13/24 MP: 0/7
  1605 | D:2      | Reached XP level 4. HP: 17/30 MP: 0/8
  1725 | D:2      | Learned a level 2 spell: Poisonous Vapours
  1729 | D:2      | Learned a level 3 spell: Ignite Poison
  1939 | D:2      | Reached skill level 5 in Poison Magic
  2517 | D:3      | Reached XP level 5. HP: 35/35 MP: 4/9
  2592 | D:3      | Learned a level 4 spell: Olgreb's Toxic Radiance
  2683 | D:3      | Noticed Grinder
  3107 | D:4      | Found an opulent altar of Gozag.
  3235 | D:4      | Reached XP level 6. HP: 34/41 MP: 2/12
  3519 | D:4      | Found a sacrificial altar of Ru.
  3632 | D:4      | Learned a level 3 spell: Mephitic Cloud
  4248 | D:3      | Killed Grinder
  4249 | D:3      | Reached skill level 5 in Spellcasting
  4249 | D:3      | Reached XP level 7. HP: 32/46 MP: 2/14
  4363 | D:5      | Entered Level 5 of the Dungeon
  4870 | D:5      | Learned a level 1 spell: Sandblast
  5154 | D:5      | Got a twisted mace
  5155 | D:5      | Identified the +7 mace of Termination {venom, rN++ MP+9
                  | SInv} (You found it on level 5 of the Dungeon)
  5280 | D:5      | Reached XP level 8. HP: 50/52 MP: 16/16
  5343 | D:5      | Reached skill level 1 in Shields
  5343 | D:5      | Reached skill level 1 in Earth Magic
  5926 | D:6      | Found a staircase to the Ecumenical Temple.
  5935 | Temple   | Entered the Ecumenical Temple
  6047 | Temple   | Became a worshipper of Vehumet
  6249 | D:6      | Reached skill level 1 in Conjurations
  6334 | D:6      | Found Jeuvitwo's Jewellery Shoppe.
  6342 | D:6      | Bought an uncursed ring of magical power for 240 gold
                  | pieces
  6512 | D:6      | Found Noitubb's General Store.
  6518 | D:6      | Bought a scroll of noise for 10 gold pieces
  6527 | D:6      | Noticed Eustachio
  6533 | D:6      | Killed Eustachio
  6534 | D:6      | Reached XP level 9. HP: 49/57 MP: 19/19
  6665 | D:6      | Learned a level 5 spell: Lee's Rapid Deconstruction
  6835 | D:6      | Reached skill level 5 in Earth Magic
  6911 | D:6      | Learned a level 3 spell: Stone Arrow
  7391 | D:6      | Bought a potion of heal wounds for 50 gold pieces
  7558 | D:7      | Reached * piety under Vehumet
  7558 | D:7      | Offered knowledge of Shock by Vehumet.
  7622 | D:7      | Noticed Menkaure
  7633 | D:7      | Killed Menkaure
  8011 | D:7      | Reached XP level 10. HP: 63/63 MP: 22/22
  8146 | D:7      | Offered knowledge of Freeze by Vehumet.
  8242 | D:7      | Reached ** piety under Vehumet
  8327 | D:7      | Reached skill level 5 in Conjurations
  8996 | D:8      | Offered knowledge of Static Discharge by Vehumet.
  9139 | D:8      | Noticed a two-headed ogre
  9160 | D:8      | Killed a two-headed ogre
  9160 | D:8      | Reached *** piety under Vehumet
  9720 | D:9      | Reached skill level 1 in Fighting
  9808 | D:9      | Offered knowledge of Iskenderun's Mystic Blast by Vehumet.
 10301 | D:10     | Entered Level 10 of the Dungeon
 10319 | D:10     | Reached XP level 11. HP: 72/72 MP: 24/24
 10440 | D:10     | Noticed a two-headed ogre
 10446 | D:10     | Killed a two-headed ogre
 10447 | D:10     | Reached skill level 10 in Spellcasting
 10476 | D:10     | Reached **** piety under Vehumet
 11196 | D:10     | Offered knowledge of Airstrike by Vehumet.
 11758 | D:10     | Noticed a two-headed ogre
 11765 | D:10     | Killed a two-headed ogre
 11900 | D:11     | Reached skill level 10 in Earth Magic
 11945 | D:11     | Noticed a boulder beetle
 11954 | D:11     | Killed a boulder beetle
 12098 | D:11     | Found a staircase to the Orcish Mines.
 12139 | D:11     | Noticed a death knight
 12141 | D:11     | Noticed a skeletal warrior
 12141 | D:11     | Noticed a skeletal warrior
 12147 | D:11     | Reached skill level 5 in Fighting
 12148 | D:11     | Killed a skeletal warrior
 12164 | D:11     | Demolished by a death knight

Illustrated notes

Levels and vault maps discovered:
D:1:      onia_arrival_handbag, layout_rooms, minmay_lizard_king
D:2:      layout_basic
D:3:      layout_rooms, uniq_grinder
D:4:      layout_cave_pools, nicolae_ru_path_of_blood, serial_glass,
          glass_columns_c, glass_columns_b, glass_columns_c, glass_columns_c,
          glass_columns_b, glass_columns_b,
          nicolae_gozag_cash_rules_everything_around_me
D:5:      layout_gridville, minmay_statues_item
D:6:      layout_loops_ring, temple_green, serial_shops, nicolae_shop_trees,
          shop_fountains, sword_in_stone, uniq_eustachio
D:7:      layout_basic, uniq_menkaure
D:8:      layout_gridville, chequers_garden
D:9:      layout_irregular_city
D:10:     layout_layer_cave
D:11:     minmay_shrinking_squares, layout_gridville, lair_entry_dummy,
          erik_orc_4, minmay_nine_imps, uniq_harold, uniq_erica
Temple:   kilobyte_greek_temple

Skill      XL: |  1  2  3  4  5  6  7  8  9 10 11 |
---------------+----------------------------------+-----
Transmutations | 2 3 |  3.0
Spellcasting   | 3 4 5 7 8 9 10 | 10.6
Poison Magic   | 5 6 7 8 |  8.1
Shields        | 2 |  2.4
Earth Magic    | 4 6 9 10 | 10.4
Conjurations   | 2 4 6 7 |  7.8
Fighting       | 2 5 |  5.0
Dodging        | |  1.7
Stealth        | |  2.4

Action                   |  1- 3 |  4- 6 |  7- 9 | 10-12 || total
-------------------------+-------+-------+-------+-------++-------
Melee: Unarmed           |     3 |       |       |       ||     3
       Short sword       |    18 |    12 |       |       ||    30
       Dagger            |       |       |    18 |       ||    18
       Mace              |       |       |    30 |    34 ||    64
 Cast: Sting             |    70 |    12 |     2 |       ||    84
       Poisonous Vapours |       |    35 |    47 |    71 ||   153
       Ignite Poison     |       |     3 |    14 |    36 ||    53
       Olgreb's Toxic Ra |       |     2 |     9 |    27 ||    38
       Mephitic Cloud    |       |     3 |     5 |     6 ||    14
       Sandblast         |       |       |    23 |     8 ||    31
       Stone Arrow       |       |       |    21 |    24 ||    45
       Lee's Rapid Decon |       |       |     2 |     2 ||     4
 Abil: Dig               |       |       |     2 |       ||     2
  Use: Scroll            |       |       |     5 |    12 ||    17
Armor: Robe              |     9 |     5 |     8 |     8 ||    30
Dodge: Dodged            |    35 |    10 |    36 |    32 ||   113
Block: Buckler           |       |       |     4 |    15 ||    19
